 Dungeon Crawl Stone Soup version 0.26-a0-639-g72c4674329 (webtiles) character file.

Game seed: 11237149472166515490

9157 Gargoyl the Fighter (level 11, -2/89 HPs)
             Began as a Gnoll Abyssal Knight on Sept 16, 2020.
             Was a High Priest of Lugonu.
             Slain by a seven-headed hydra (4 damage)
             ... on level 1 of the Lair of Beasts.
             The game lasted 00:13:54 (8496 turns).

Gargoyl the Fighter (Gnoll Abyssal Knight)          Turns: 8496, Time: 00:13:54

Health: -2/89      AC: 19    Str: 17    XL:     11   Next: 42%
Magic:  27/31      EV:  9    Int: 18    God:    Lugonu [*****.]
Gold:   632        SH: 12    Dex: 16    Spells: 22/22 levels left

rFire    . . .     SeeInvis .   y - +9 whip "Uqokkoj" {vorpal, MR++ MP+9 Int+4}
rCold    + . .     Faith    .   e - +2 kite shield
rNeg     + . .     Spirit   .   l - +0 chain mail {MR+}
rPois    .         Reflect  .   t - +1 helmet
rElec    .         Harm     .   h - +1 cloak {rCorr}
rCorr    +         Rampage  .   (no gloves)
MR       +++..                  (no boots)
Stlth    ..........             k - amulet of regeneration
HPRegen  0.64/turn              v - ring of protection from cold
MPRegen  0.22/turn              s - ring of positive energy

@: no status effects
A: distributed training, fangs 1, icy blue scales 1, molten scales 1, high mp 1,
MP-powered wands, strong nose
a: Depart the Abyss, Bend Space, Banish, Corrupt, Enter the Abyss, Renounce
Religion


You were on level 1 of the Lair of Beasts.
You worshipped Lugonu.
Lugonu was extremely pleased with you.
You visited 2 branches of the dungeon, and saw 9 of its levels.
You visited the Abyss 2 times.

You collected 722 gold pieces.
You spent 90 gold pieces at shops.

Inventory:

Hand Weapons
 a - a +4 hand axe
 y - the +9 whip "Uqokkoj" (weapon) {vorpal, MR++ MP+9 Int+4}
   (You found it on level 4 of the Dungeon)

   It inflicts extra damage upon your enemies.
   It affects your intelligence (+4).
   It affects your resistance to hostile enchantments.
   It affects your magic capacity (+9).
 D - a +2 vampiric war axe
Missiles
 B - 10 boomerangs (quivered)
Armour
 e - a +2 kite shield (worn)
 h - a +1 cloak of preservation (worn)
 l - a +0 chain mail of magic resistance (worn)
 t - a +1 helmet (worn)
Jewellery
 c - an uncursed ring of wizardry
 f - an uncursed ring of flight
 k - an amulet of regeneration (around neck)
 s - a ring of positive energy (right hand)
 v - a ring of protection from cold (left hand)
 H - an uncursed amulet of faith {unknown}
Wands
 r - a wand of polymorph (19)
 E - a wand of digging (6)
 G - a wand of random effects (18)
Scrolls
 b - 6 scrolls of remove curse
 j - 10 scrolls of teleportation
 m - a scroll of silence
 n - 2 scrolls of identify
 A - a scroll of fog
 C - a scroll of blinking
 F - a scroll of fear
Potions
 d - a potion of heal wounds
 g - 6 potions of curing
 i - 2 potions of magic
 o - 2 potions of ambrosia
 p - 2 potions of resistance
 q - 3 potions of might
 u - a potion of haste
 w - 2 potions of brilliance {unknown}
 x - a potion of cancellation {unknown}
 z - a potion of invisibility


   Skills:
 + Level 9.1 Fighting
 + Level 6.2 Short Blades
 + Level 6.2 Long Blades
 + Level 7.8 Axes
 + Level 6.2 Maces & Flails
 + Level 6.2 Polearms
 + Level 6.2 Staves
 + Level 6.2 Slings
 + Level 6.2 Bows
 + Level 6.2 Crossbows
 + Level 6.2 Throwing
 + Level 7.8 Armour
 + Level 6.8 Dodging
 + Level 6.2 Stealth
 + Level 6.2 Shields
 + Level 6.2 Unarmed Combat
 + Level 6.2 Spellcasting
 + Level 5.2 Conjurations
 + Level 5.2 Hexes
 + Level 5.2 Summonings
 + Level 5.2 Necromancy
 + Level 5.2 Translocations
 + Level 5.2 Transmutations
 + Level 5.2 Fire Magic
 + Level 5.2 Ice Magic
 + Level 5.2 Air Magic
 + Level 5.2 Earth Magic
 + Level 5.2 Poison Magic
 + Level 8.3 Invocations
 + Level 6.2 Evocations


You had 22 spell levels left.
You didn't know any spells.
Your spell library contained the following spells:

 Spells                   Type           Power        Failure   Level
 Animate Skeleton         Necr           ###...       43%         1
 Apportation              Tloc           ###...       43%         1
 Corona                   Hex            ###....      43%         1
 Magic Dart               Conj           ###.         43%         1
 Pain                     Necr           ###.         43%         1
 Summon Small Mammal      Summ           ###.         43%         1
 Ensorcelled Hibernation  Hex/Ice        ###...       56%         2
 Searing Ray              Conj           ###...       56%         2
 Confusing Touch          Hex            ###.....     80%         3
 Dazzling Flash           Conj/Hex       ###...       80%         3
 Tukima's Dance           Hex            ###.....     80%         3
 Vampiric Draining        Necr           ###.......   80%         3
 Animate Dead             Necr           ###.......   99%         4
 Fulminant Prism          Conj/Hex       ###.......   99%         4
 Iskenderun's Mystic Bla  Conj/Tloc      ###.....     99%         4
 Agony                    Necr           ###.....     100%        5
 Haunt                    Necr/Summ      ###.......   100%        7
 Borgnjor's Revivificati  Necr           ###.......   100%        8
 Infestation              Necr           ###.......   100%        8
 Necromutation            Tmut/Necr      ###.......   100%        8
 Death's Door             Necr           ###.......   100%        9


Dungeon Overview and Level Annotations

Branches:
Dungeon (8/15)             Temple (0/1) D:5            Lair (1/6) D:8

Altars:
Ashenzari
Elyvilon
Qazlal
Trog
The Shining One

Shops:
D:6 *   D:8 :

Annotations:
D:5 1 runed translucent door


Innate Abilities, Weirdness & Mutations

Your experience applies equally to all skills.
You have very sharp teeth.
Your uncanny sense of smell can sniff out nearby items.
You are partially covered in icy blue scales. (AC +2)
You are partially covered in molten scales. (AC +2)
You have an increased reservoir of magic. (+10% MP)
You expend magic power (3 MP) to strengthen your wands.


Message History

The seven-headed hydra bites you but does no damage.
The seven-headed hydra closely misses you.
The seven-headed hydra bites you!
* * * LOW HITPOINT WARNING * * *
The seven-headed hydra closely misses you.
You hit the seven-headed hydra.
The seven-headed hydra is heavily wounded.
The seven-headed hydra bites you but does no damage.
You block the seven-headed hydra's attack. x2
The seven-headed hydra closely misses you.
The seven-headed hydra bites you.
* * * LOW HITPOINT WARNING * * *
You block the seven-headed hydra's attack.
The seven-headed hydra bites you!
* * * LOW HITPOINT WARNING * * *
Press: ? - help, Shift-Dir - straight line, f - seven-headed hydra
Aim: a seven-headed hydra (heavily wounded, chance to defeat MR: 56%)
The seven-headed hydra resists with significant effort.
The seven-headed hydra bites you.
You die...

#......................#
###.##.#####..............#
#.P.##..# #P#.##..#...>..#
#...##.## ###......#.......
#.####.# ##.#..##.#......
#.## #.#### #..#..#
##.....# #..#
#.##.####...?# ...
#.####..>.........###!..
P.# #.#.........@D......
#.###..########...##.#.#
#..†....# ##......
##.#.#.## #.#.##.. #####.#
#.### #.# ..# #.. ..# #..
..# ####


You could see a seven-headed hydra.

Vanquished Creatures
  Harold (D:8)
  A two-headed ogre (D:8)
  A centaur warrior (D:8)
  2 cane toads (Lair:1)
  3 komodo dragons
  A queen bee (D:6)
  Prince Ribbit (D:8)
  The ghost of ANON1729 the Skirmisher, an amateur GrFi of the Shining One (D:6)
  The ghost of Kaptain the Magician, an amateur OpWz (D:4)
  3 hippogriffs
  A wyvern (D:8)
  2 basilisks (D:8)
  A steam dragon (D:8)
  Duvessa (D:4)
  A porcupine (Lair:1)
  4 orc warriors
  A sky beast (D:6)
  A phantom (D:8)
  3 centaurs
  2 ogres
  4 crocodiles
  3 big kobolds
  Blork the orc (D:4)
  A wyvern zombie (D:7)
  2 bullfrogs
  A wyvern skeleton (D:4)
  Dowan (D:4)
  5 killer bees (D:6)
  4 wights (D:8)
  4 howler monkeys
  An electric eel (D:7)
  A centaur zombie (D:8)
  A bullfrog zombie (D:8)
  6 hounds
  A centaur skeleton (D:4)
  9 orc priests
  9 orc wizards
  3 iguanas
  Ijyb (D:3)
  2 worker ants
  A hound zombie (D:8)
  Robin (D:4)
  10 gnolls
  A howler monkey skeleton (D:8)
  13 adders
  2 shadow imps
  2 white imps
  An ufetubus (D:8)
  An ooze (D:6)
  An adder zombie (D:5)
  2 adder skeletons
  5 worms
  9 leopard geckos
  34 orcs
  14 bats
  7 giant cockroaches
  17 goblins
  17 hobgoblins
  10 jackals
  6 quokkas
  A ball python (D:2)
  7 frilled lizards
  A jackal skeleton (D:4)
  A jackal zombie (D:5)
  26 kobolds
  A leopard gecko zombie (D:4)
  8 rats
291 creatures vanquished.

Notes
Turn   | Place    | Note
-------+----------+-------------------------------------------
     0 | Abyss:1  | Gargoyl the Gnoll Abyssal Knight began the quest for the
                  | Orb.
     0 | Abyss:1  | Reached XP level 1. HP: 23/23 MP: 3/3
    56 | Abyss:2  | Noticed a worldbinder
    59 | Abyss:3  | Found a hazy altar of Hepliaklqana.
    69 | Abyss:3  | Got a slimy dire flail
    70 | Abyss:3  | Identified the +1 dire flail of Qal Dad {freeze, Str+4
                  | Int+6 Dex+4} (You found it on level 3 of the Abyss)
    72 | Abyss:3  | Noticed a wretched star
    72 | D:1      | Escaped the Abyss
   374 | D:1      | Reached XP level 2. HP: 29/29 MP: 5/5
   786 | D:2      | Reached XP level 3. HP: 27/35 MP: 6/6
   792 | D:2      | Reached * piety under Lugonu
   923 | D:2      | Reached skill level 1 in Short Blades
   923 | D:2      | Reached skill level 1 in Long Blades
   923 | D:2      | Reached skill level 1 in Maces & Flails
   923 | D:2      | Reached skill level 1 in Polearms
   923 | D:2      | Reached skill level 1 in Staves
   923 | D:2      | Reached skill level 1 in Slings
   923 | D:2      | Reached skill level 1 in Bows
   923 | D:2      | Reached skill level 1 in Crossbows
   923 | D:2      | Reached skill level 1 in Throwing
   923 | D:2      | Reached skill level 1 in Stealth
   923 | D:2      | Reached skill level 1 in Shields
   923 | D:2      | Reached skill level 1 in Unarmed Combat
   923 | D:2      | Reached skill level 1 in Spellcasting
   923 | D:2      | Reached skill level 1 in Evocations
  1056 | D:2      | Reached XP level 4. HP: 41/41 MP: 7/7
  1300 | D:2      | Reached skill level 1 in Conjurations
  1300 | D:2      | Reached skill level 1 in Hexes
  1300 | D:2      | Reached skill level 1 in Summonings
  1300 | D:2      | Reached skill level 1 in Necromancy
  1300 | D:2      | Reached skill level 1 in Translocations
  1300 | D:2      | Reached skill level 1 in Transmutations
  1300 | D:2      | Reached skill level 1 in Fire Magic
  1300 | D:2      | Reached skill level 1 in Ice Magic
  1300 | D:2      | Reached skill level 1 in Air Magic
  1300 | D:2      | Reached skill level 1 in Earth Magic
  1300 | D:2      | Reached skill level 1 in Poison Magic
  1423 | D:2      | Reached XP level 5. HP: 26/47 MP: 8/8
  1736 | D:2      | Reached ** piety under Lugonu
  1812 | D:2      | Found a shattered altar of Ashenzari.
  1966 | D:3      | Noticed Ijyb
  1966 | D:3      | Paralysed by Ijyb for 4 turns
  1985 | D:3      | Paralysed by Ijyb for 3 turns
  2002 | D:3      | Paralysed by Ijyb for 7 turns
  2020 | D:2      | Reached skill level 5 in Invocations
  2298 | D:3      | Paralysed by Ijyb for 5 turns
  2316 | D:3      | Paralysed by Ijyb for 6 turns
  2325 | D:3      | Killed Ijyb
  2325 | D:3      | Reached XP level 6. HP: 51/53 MP: 9/9
  2981 | D:3      | Reached skill level 5 in Axes
  2981 | D:3      | Reached skill level 5 in Armour
  3430 | D:4      | Found a transporter.
  3466 | D:4      | Reached *** piety under Lugonu
  3584 | D:4      | Noticed Duvessa
  3584 | D:4      | Noticed Dowan
  3584 | D:4      | You fall into a shaft and drop 1 floor!
  3584 | D:5      | Entered Level 5 of the Dungeon
  3595 | D:5      | Cast into level 1 of the Abyss (orc)
  3681 | Abyss:1  | Noticed a small abomination
  3682 | Abyss:1  | Noticed a ynoxinul
  3684 | D:5      | Escaped the Abyss
  3689 | D:5      | Reached XP level 7. HP: 55/59 MP: 8/10
  3740 | D:5      | Reached skill level 7 in Fighting
  4012 | D:4      | Noticed Robin
  4022 | D:4      | Killed Robin
  4038 | D:4      | Found a stormy altar of Qazlal.
  4106 | D:4      | Noticed Blork the orc
  4135 | D:4      | Killed Blork the orc
  4148 | D:4      | Noticed Kaptain's ghost (amateur OpWz)
  4207 | D:4      | Found a transporter.
  4275 | D:4      | Killed Dowan
  4290 | D:4      | Killed Duvessa
  4404 | D:4      | Got a fine whip
  4405 | D:4      | Identified the +9 whip "Uqokkoj" {vorpal, MR++ MP+9 Int+4}
                  | (You found it on level 4 of the Dungeon)
  4662 | D:4      | Reached XP level 8. HP: 54/67 MP: 12/12
  4688 | D:4      | Killed Kaptain's ghost
  4788 | D:5      | Noticed a hippogriff
  4803 | D:5      | Killed a hippogriff
  4883 | D:5      | Found a white marble altar of Elyvilon.
  4883 | D:5      | Found a runed translucent door.
  4883 | D:5      | Noticed an angel
  4985 | D:5      | Found a staircase to the Ecumenical Temple.
  5005 | D:5      | Found a glowing golden altar of the Shining One.
  5521 | D:6      | Reached **** piety under Lugonu
  5552 | D:6      | Found a transporter.
  5555 | D:6      | Noticed ANON1729's ghost (amateur GrFi)
  5556 | D:6      | Found a transporter.
  5559 | D:6      | Noticed a queen bee
  5561 | D:6      | Reached XP level 9. HP: 61/72 MP: 14/14
  5654 | D:6      | Found Nor Baq's General Store.
  5657 | D:6      | Bought a scroll of enchant weapon for 90 gold pieces
  5921 | D:6      | Killed ANON1729's ghost
  5927 | D:6      | Reached skill level 5 in Dodging
  6009 | D:6      | Killed a queen bee
  6165 | D:7      | Gained mutation: You expend magic power (3 MP) to
                  | strengthen your wands. [potion of mutation]
  6165 | D:7      | Gained mutation: You have an increased reservoir of magic.
                  | (+10% MP) [potion of mutation]
  6165 | D:7      | Gained mutation: You are partially covered in icy blue
                  | scales. (AC +2) [potion of mutation]
  6165 | D:7      | Gained mutation: You are partially covered in molten
                  | scales. (AC +2) [potion of mutation]
  6194 | D:7      | Reached skill level 8 in Fighting
  6383 | D:7      | Found a bloodstained altar of Trog.
  6407 | D:7      | Reached ***** piety under Lugonu
  6427 | D:7      | Reached XP level 10. HP: 56/80 MP: 18/18
  6702 | D:7      | Reached skill level 5 in Short Blades
  6702 | D:7      | Reached skill level 5 in Long Blades
  6702 | D:7      | Reached skill level 5 in Maces & Flails
  6702 | D:7      | Reached skill level 5 in Polearms
  6702 | D:7      | Reached skill level 5 in Staves
  6702 | D:7      | Reached skill level 5 in Slings
  6702 | D:7      | Reached skill level 5 in Bows
  6702 | D:7      | Reached skill level 5 in Crossbows
  6702 | D:7      | Reached skill level 5 in Throwing
  6702 | D:7      | Reached skill level 5 in Stealth
  6702 | D:7      | Reached skill level 5 in Shields
  6702 | D:7      | Reached skill level 5 in Unarmed Combat
  6702 | D:7      | Reached skill level 5 in Spellcasting
  6702 | D:7      | Reached skill level 5 in Evocations
  7120 | D:8      | Noticed a centaur warrior
  7122 | D:8      | Noticed Harold
  7139 | D:8      | Killed a centaur warrior
  7153 | D:8      | Killed Harold
  7186 | D:8      | Noticed a two-headed ogre
  7200 | D:8      | Killed a two-headed ogre
  7377 | D:8      | Noticed Prince Ribbit
  7405 | D:8      | Killed Prince Ribbit
  7405 | D:8      | Reached XP level 11. HP: 79/87 MP: 21/21
  7440 | D:8      | Found Enaninn's Book Shop.
  7540 | D:8      | Found a shattered altar of Ashenzari.
  7979 | D:8      | Reached skill level 9 in Fighting
  8042 | D:8      | Reached skill level 5 in Conjurations
  8042 | D:8      | Reached skill level 5 in Hexes
  8042 | D:8      | Reached skill level 5 in Summonings
  8042 | D:8      | Reached skill level 5 in Necromancy
  8042 | D:8      | Reached skill level 5 in Translocations
  8042 | D:8      | Reached skill level 5 in Transmutations
  8042 | D:8      | Reached skill level 5 in Fire Magic
  8042 | D:8      | Reached skill level 5 in Ice Magic
  8042 | D:8      | Reached skill level 5 in Air Magic
  8042 | D:8      | Reached skill level 5 in Earth Magic
  8042 | D:8      | Reached skill level 5 in Poison Magic
  8069 | D:8      | Found a staircase to the Lair.
  8223 | Lair:1   | Entered Level 1 of the Lair of Beasts
  8487 | Lair:1   | Noticed a seven-headed hydra
  8495 | Lair:1   | HP: 1/89 [seven-headed hydra (10)]
  8496 | Lair:1   | Slain by a seven-headed hydra

Illustrated notes

Levels and vault maps discovered:
D:1:      psy_arrival_statuary, layout_loops_ring
D:2:      layout_basic, ashenzari_conservatory_becter, kennysheep_minor_cross,
          minmay_divided_ellipse
D:3:      minmay_recursive_quarters, layout_loops_cross, minmay_joined_circles,
          uniq_ijyb
D:4:      layout_cave_pools, serial_column_ruins, column_ruins_temple_hall,
          column_ruins_square_small, column_ruins_grid_1,
          column_ruins_open_tiny, column_ruins_open_large,
          column_ruins_corridor_straight, column_ruins_corridor_straight,
          column_ruins_columns_straight, cheibrodos_sewer_entry_bend,
          gammafunk_ghost_mausoleum, uniq_blork_the_orc, uniq_robin,
          uniq_duvessa
D:5:      layout_loops_ring, tso_oasis_becter, minmay_temple_entry_glassed_door,
          lemuel_angel_altar
D:6:      layout_basic, gammafunk_ghost_hive, serial_shops, shop
D:7:      layout_rooms, fountainhead, david_defended_altar_orc
D:8:      layout_loops_ring, erik_lair_dragon, serial_shops, shop,
          cheibrodos_ashenzari_chains, uniq_prince_ribbit1, uniq_harold
Lair:1:   minmay_guarded_unrand_snakebite, layout_loops_ring

Skill      XL: |  1  2  3  4  5  6  7  8  9 10 11 |
---------------+----------------------------------+-----
Short Blades   | 1 2 3 4 5 6 |  6.2
Long Blades    | 1 2 3 4 5 6 |  6.2
Maces & Flails | 1 2 3 4 5 6 |  6.2
Polearms       | 1 2 3 4 5 6 |  6.2
Staves         | 1 2 3 4 5 6 |  6.2
Slings         | 1 2 3 4 5 6 |  6.2
Bows           | 1 2 3 4 5 6 |  6.2
Crossbows      | 1 2 3 4 5 6 |  6.2
Throwing       | 1 2 3 4 5 6 |  6.2
Stealth        | 1 2 3 4 5 6 |  6.2
Shields        | 1 2 3 4 5 6 |  6.2
Unarmed Combat | 1 2 3 4 5 6 |  6.2
Spellcasting   | 1 2 3 4 5 6 |  6.2
Evocations     | 1 2 3 4 5 6 |  6.2
Conjurations   | 1 2 3 4 5 |  5.2
Hexes          | 1 2 3 4 5 |  5.2
Summonings     | 1 2 3 4 5 |  5.2
Necromancy     | 1 2 3 4 5 |  5.2
Translocations | 1 2 3 4 5 |  5.2
Transmutations | 1 2 3 4 5 |  5.2
Fire Magic     | 1 2 3 4 5 |  5.2
Ice Magic      | 1 2 3 4 5 |  5.2
Air Magic      | 1 2 3 4 5 |  5.2
Earth Magic    | 1 2 3 4 5 |  5.2
Poison Magic   | 1 2 3 4 5 |  5.2
Dodging        | 3 4 5 6 |  6.8
Invocations    | 5 6 7 8 |  8.3
Axes           | 5 6 7 |  7.8
Armour         | 5 6 7 |  7.8
Fighting       | 7 8 9 |  9.1

Action                   |  1- 3 |  4- 6 |  7- 9 | 10-12 || total
-------------------------+-------+-------+-------+-------++-------
Melee: Hand axe          |    86 |   345 |    90 |       ||   521
       Bite              |     5 |    42 |    36 |    46 ||   129
       Whip              |       |       |   280 |   303 ||   583
       War axe           |       |       |       |    67 ||    67
Invok: Depart the Abyss  |     1 |     1 |       |       ||     2
       Banish            |       |       |       |     1 ||     1
  Use: Scroll            |     3 |     9 |    10 |       ||    22
       Potion            |       |       |     3 |       ||     3
Armor: Leather armour    |     2 |       |       |       ||     2
       Chain mail        |    55 |   219 |   190 |   137 ||   601
       Skin              |       |       |    28 |       ||    28
Dodge: Dodged            |    25 |    73 |    88 |   106 ||   292
Block: Kite shield       |    42 |   222 |   232 |   235 ||   731

Table legend: (Time is in decaauts)
 A = Elapsed time spent in this place.
 B = Non-inter-level travel time spent in this place.
 C = Inter-level travel time spent in this place.
 D = Time resting spent in this place.
 E = Time spent auto-exploring this place.
 F = Levels seen in this place.
 G = Mean time per level.
                   A        B        C        D        E       F      G
               +--------+--------+--------+--------+--------+-----+--------+
         Total |   8563 |   8368 |    195 |   1562 |   4329 |  13 |  658.7 |
       Dungeon |   8138 |   7943 |    195 |   1530 |   4071 |   8 | 1017.2 |
          Lair |    264 |    264 |      0 |     32 |    153 |   1 |  264.0 |
         Abyss |    159 |    159 |      0 |      0 |    105 |   4 |   39.8 |
               +--------+--------+--------+--------+--------+-----+--------+

Top non-repeatable levels by time:
     D:2: 1505 daAuts
     D:3: 1242 daAuts
     D:8: 1210 daAuts
     D:4: 938 daAuts
     D:5: 904 daAuts
     D:7: 848 daAuts
     D:6: 817 daAuts
     D:1: 672 daAuts
  Lair:1: 264 daAuts
 Abyss:1: 141 daAuts
 Abyss:3: 12 daAuts
 Abyss:2: 5 daAuts
